 Dungeon Crawl Stone Soup version 0.17-a0-1403-g9df874c (webtiles) character file.

83 HEYYEYAAE the Gusty (level 4, -8/31 HPs)
             Began as a Human Air Elementalist on June 20, 2015.
             Was an Initiate of Vehumet.
             Killed from afar by an orc wizard (11 damage)
             ... with a wand of cold
             ... on level 4 of the Dungeon.
             The game lasted 00:05:12 (2281 turns).

HEYYEYAAE the Gusty (Human Air Elementalist)        Turns: 2281, Time: 00:05:12

Health: -8/31      AC:  5    Str:  8    XL:     4   Next: 71%
Magic:  3/8        EV: 12    Int: 16    God:    Vehumet [......]
Gold:   119        SH:  0    Dex: 14    Spells: 3 memorised, 2 levels left

rFire  . . .     SeeInvis .     f - +3 hand axe (flame)
rCold  . . .     Clarity  .     a - +0 robe
rNeg   . . .     SustAt   .     (no shield)
rPois  +         Gourm    .     (no helmet)
rElec  .         Spirit   .     q - +1 cloak
rCorr  .         Warding  .     i - +0 pair of gloves
rMut   .         Stasis   .     (no boots)
MR     .....                    (no amulet)
Stlth  ++........               (no ring)
                                k - ring of poison resistance

@: about to teleport, very slightly contaminated, repel missiles, not resistant
to hostile enchantments, unstealthy
A: no striking features
a: Renounce Religion


You were on level 4 of the Dungeon.
You worshipped Vehumet.
Vehumet was noncommittal.
You were hungry.

You visited 1 branch of the dungeon, and saw 4 of its levels.

You collected 119 gold pieces.

Inventory:

Hand weapons
 e - a +4 whip
 f - a +3 hand axe of flaming (weapon)
 g - a +0 dagger
 l - a -2 hand axe
Armour
 a - a +0 robe (worn)
 i - a +0 pair of gloves (worn)
 q - a +1 cloak (worn)
Jewellery
 k - a ring of poison resistance (left hand)
Magical devices
 t - a wand of magic darts (4)
Scrolls
 w - a scroll of magic mapping {unknown}
 y - a scroll of noise {unknown}
Books
 b - a book of Air

   Spells                             Type                      Level
   a - Shock                          Conjuration/Air              1
   b - Swiftness                      Charms/Air                   2
   c - Repel Missiles                 Charms/Air                   2
   d - Static Discharge               Conjuration/Air              3
   e - Lightning Bolt                 Conjuration/Air              5
Comestibles
 c - a bread ration
 h - 2 meat rations


   Skills:
 + Level 0.6 Fighting
 + Level 1.5 Armour
 + Level 2.2 Dodging
 - Level 2.0 Stealth
 * Level 2.7 Spellcasting
 * Level 1.8 Conjurations
 * Level 3.6 Air Magic


You had 2 spell levels left.
You knew the following spells:

 Your Spells              Type           Power        Failure   Level  Hunger
a - Shock                 Conj/Air       ##..         10%         1    #......
b - Static Discharge      Conj/Air       ##......     21%         3    ###....
c - Repel Missiles        Chrm/Air       #.....       17%         2    ##.....


Dungeon Overview and Level Annotations

Branches:
Dungeon (4/15)
 Temple: D:4-7

Altars:
Okawaru
Qazlal
Vehumet

Annotations:
D:4 Blork the orc, Pikel


Message History

Blork the orc screams, "I'm going to kill you!"
Blork the orc closely misses your butterfly.
An orc wizard comes into view. It is wielding a dagger.
Read which item? (? for menu, Esc to quit)
As you read the scroll labeled LUICOST FUQUL, it crumbles to dust.
You feel strangely unstable.
It was a scroll of teleportation.
Blork the orc closely misses your butterfly.
Blork the orc barely misses your butterfly.
An orc comes into view. It is wielding a mace.
You swap places.
Blork the orc hits your butterfly with a long sword of pain!
Your butterfly dies!
The orc wizard points at you and mumbles some strange words.
The magic dart hits your butterfly.
Your butterfly dies!
You swap places.
Blork the orc barely misses your butterfly.
The orc wizard zaps a wand.
The bolt of cold misses your butterfly. The bolt of cold hits you!
You die...

## ... ... # #.###
#.#...##### ###.# #.....###
#..$..#.....bo#######
#######b....#.bb@b..#
≈≈≈≈≈≈b..##########o########
#######....### #..#.....###
#.... #..#...##
##..o..((..###
###.###..###..#
#............ ..#.#...##
##.######.....o....##
#.#.#.###
#.....##.........## #..§..#
#####.##.>......[# ####.##
#[...........# #


You could see Blork the orc and an orc wizard.

Vanquished Creatures
  A slave (D:4)
  Terence (D:2)
  An ooze (D:1)
  2 giant geckos
  An orc (D:3)
  3 ball pythons
  6 bats
  10 goblins
  4 hobgoblins
  6 jackals (D:1)
  4 kobolds
  A quokka (D:3)
  2 giant newts (D:1)
  3 rats
45 creatures vanquished.

Notes
Turn   | Place    | Note
--------------------------------------------------------------
     0 | D:1      | HEYYEYAAE the Human Air Elementalist began the quest for the Orb.
     0 | D:1      | Reached XP level 1. HP: 13/13 MP: 3/3
   132 | D:1      | Reached XP level 2. HP: 13/19 MP: 1/5
   647 | D:1      | Reached XP level 3. HP: 24/24 MP: 3/6
  1142 | D:2      | Found a radiant altar of Vehumet.
  1183 | D:2      | Became a worshipper of Vehumet
  1195 | D:2      | Found an iron altar of Okawaru.
  1393 | D:2      | Noticed Terence
  1464 | D:2      | Gained mutation: You can spit weak poison. [potion of beneficial mutation]
  1503 | D:2      | HP: 1/25 [Terence/hand axe of flaming (1)]
  1602 | D:2      | Killed Terence
  1602 | D:2      | Reached skill level 1 in Armour
  1602 | D:2      | Reached XP level 4. HP: 9/31 MP: 4/8
  1978 | D:3      | Found a stormy altar of Qazlal.
  2103 | D:4      | Noticed a slave
  2104 | D:4      | Noticed a slave
  2104 | D:4      | Noticed a slave
  2112 | D:4      | Noticed Pikel
  2147 | D:4      | Killed a slave
  2205 | D:4      | Learned a level 3 spell: Static Discharge
  2208 | D:4      | Learned a level 2 spell: Repel Missiles
  2236 | D:4      | Noticed Blork the orc
  2237 | D:4      | Lost mutation: You can spit weak poison. [potion of cure mutation]
  2265 | D:4      | HP: 1/31 [Blork the orc/puff of flame (12)]
  2281 | D:4      | Killed from afar by an orc wizard

Vault maps used:
D:1:      ncdulo_smallfort, minmay_misc_feat_diagonals
D:2:      lemuel_doored_altar, vehumet_crystals, uniq_terence
D:3:      grunt_qazlal_sundering, portal_sewer_entry_b
D:4:      grunt_decor_cap, uniq_pikel, uniq_duvessa, uniq_blork_the_orc

Action                   |  1- 3 |  4- 6 || total
-------------------------+-------+-------++-------
Melee: Unarmed           |    15 |       ||    15
       Dagger            |    42 |       ||    42
       Whip              |     1 |       ||     1
       Hand axe          |       |    23 ||    23
 Cast: Shock             |    67 |    17 ||    84
       Repel Missiles    |       |     1 ||     1
       Static Discharge  |       |     1 ||     1
 Abil: Spit Poison       |     3 |       ||     3
Evoke: Wand              |     6 |       ||     6
  Use: Scroll            |     1 |     6 ||     7
       Potion            |     3 |     5 ||     8
  Eat: Chunk             |     2 |     2 ||     4
       Beef jerky        |       |     1 ||     1
